 Dungeon Crawl Stone Soup version 0.30-a0-364-gf6b3ef1049 (webtiles) character file.

Game seed: 6139677227772819805

988 KennySheep the Conjurer (level 7, -1/50 HPs)
             Began as a Demigod Conjurer on Nov 15, 2022.
             Slain by an orc wizard
             ... wielding a +4 dagger
              (5 damage)
             ... on level 6 of the Dungeon.
             The game lasted 00:12:58 (4412 turns).

KennySheep the Conjurer (Demigod Conjurer)          Turns: 4412, Time: 00:12:58

Health: -1/50      AC:  3    Str:  8    XL:     7   Next: 65%
Magic:  2/15       EV: 12    Int: 28    God:
Gold:   243        SH:  0    Dex: 12    Spells: 6/13 levels left

rFire   . . .      SeeInvis .    l - +0 dagger
rCold   . . .      Faith    .    t - orb {light}
rNeg    . . .      Spirit   .    a - +1 robe
rPois   .          Reflect  .    (no helmet)
rElec   .          Harm     .    (no cloak)
rCorr   .          Rampage  .    (no gloves)
Will    .....                    (no boots)
Stlth   +.........               (no amulet)
HPRegen 0.28/turn                (no ring)
MPRegen 0.14/turn                (no ring)

@: brilliant, on berserk cooldown, attractive, slowed, glowing, very slow
A: high MP 1, forlorn, divine attributes, MP-powered wands
a: no special abilities


You were on level 6 of the Dungeon.
You visited 1 branch of the dungeon, and saw 6 of its levels.

You collected 243 gold pieces.

Inventory:

Hand Weapons
 l - a +0 dagger (weapon)
Armour
 a - a +1 robe (worn)
 t - an orb of light (worn)
Jewellery
 g - a ring of willpower
 j - an amulet of regeneration
Scrolls
 d - a scroll of fear {unknown}
 e - a scroll of immolation {unknown}
 f - a scroll of noise
 i - 2 scrolls of enchant armour
 k - a scroll of amnesia {unknown}
 n - a scroll of enchant weapon {unknown}
 q - a scroll of summoning {unknown}
 w - 2 scrolls of magic mapping
 x - a scroll of identify
Potions
 h - 2 potions of flight
 o - 2 potions of attraction
 s - 2 potions of mutation


   Skills:
 - Level 1.7 Dodging
 - Level 1.7 Stealth
 + Level 3.7 Spellcasting
 * Level 6.4 Conjurations
 * Level 5.1 Translocations


You had 6 spell levels left.
You knew the following spells:

 Your Spells              Type           Power      Damage    Failure   Level
a - Magic Dart            Conj           100%       1d8       1%          1
b - Searing Ray           Conj           100%       2d8       1%          2
c - Iskenderun's Mystic   Conj/Tloc      54%        2d12      7%          4

Your spell library contained the following spells:

 Spells                   Type           Power      Damage    Failure   Level
 Dazzling Flash           Conj/Hex       70%        N/A       6%          3
 Summon Small Mammal      Summ           28%        N/A       8%          1
 Mephitic Cloud           Conj/Pois/Air  25%        N/A       10%         3
 Cigotuvi's Dreadful Rot  Necr/Pois/Air  14%        N/A       12%         2
 Ensorcelled Hibernation  Hex/Ice        14%        N/A       12%         2
 Poisonous Vapours        Pois/Air       14%        N/A       12%         2
 Fulminant Prism          Conj/Hex       17%        3d10      21%         4
 Call Canine Familiar     Summ           7%         N/A       22%         3
 Spider Form              Tmut/Pois      7%         N/A       22%         3
 Summon Guardian Golem    Hex/Summ       7%         N/A       22%         3
 Anguish                  Hex/Necr       3%         N/A       58%         4
 Olgreb's Toxic Radiance  Pois           7%         N/A       58%         4
 Petrify                  Tmut/Erth      7%         N/A       58%         4
 Summon Forest            Summ/Tloc      14%        N/A       58%         5
 Eringya's Noxious Bog    Tmut/Pois      3%         N/A       100%        6
 Storm Form               Tmut/Air       3%         N/A       100%        7
 Summon Hydra             Summ           3%         N/A       100%        7


Dungeon Overview and Level Annotations

Branches:
Dungeon (6/15)
 Temple: D:4-7

Annotations:
D:2 Terence


Innate Abilities, Weirdness & Mutations

You have an increased reservoir of magic. (+10% MP)
You shall have no god before yourself.
Your divine heritage dramatically boosts your attributes as you level up.
You expend magic power (3 MP) to strengthen your wands.


Message History

You feel aware of your surroundings.
It was a scroll of magic mapping.
The orc throws a boomerang.
The boomerang hits you.
* * * LOW HITPOINT WARNING * * *
Okay, then.
Okay, then.
Okay, then.
Casting: Iskenderun's Mystic Blast (dangerous; 8% risk of failure)
Confirm with . or Enter, or press ? or * to list all spells.
You feel a surge of power!
You erupt in a blast of force!
The mystic blast hits the sky beast!
The sky beast is almost dead.
The sky beast is knocked back by the mystic blast.
The sky beast collides with the orc!
You kill the orc!
You kill the sky beast!
You hear a shout!
An orc wizard comes into view. It is wielding a +4 dagger.
The orc throws a boomerang.
The boomerang hits you.
* * * LOW HITPOINT WARNING * * *
The orc wizard moves out of view.
Your Translocations skill increases to level 5!
Really quaff the potion of attraction?
You feel attractive to monsters.
The orc throws a boomerang.
The boomerang misses you. The orc is attracted toward you. x2
Okay, then.
You hit the orc.
The orc is heavily wounded.
The orc is poisoned.
The orc barely misses you.
The orc is engulfed in poison gas.
The orc is poisoned.
The orc is engulfed in poison gas.
The orc looks even sicker.
The orc is engulfed in poison gas.
The orc looks even sicker.
You kill the orc!
You hit the orc.
You kill the orc!
The orc wizard is attracted toward you.
You hit the orc wizard but do no damage.
The orc wizard is engulfed in poison gas.
The orc wizard is poisoned.
The orc wizard hits you with a +4 dagger.
You die...

**** ######### *,,,
***** #...!...# *,,,
#,,,* #.......#**,,,
#☼,,* #........,,,,,
#☼§,* #...○.?.#***,,
#§○☼#####§§§○...# ***
#§☼☼○@§.)☼○°§...#*****
#○§§o#####§§☼.?.?,,,,,
*#§§§○*** *.###...*****
#§☼§○§,,***.),**#.***
#☼§§.§,,,,,##.* *,,,***
#○°§○☼,,,,,**Y*****,*,,
#§§☼☼§,,,,<**,^,,,,,*,,
#§§§○☼,,,,,*****,,***,,
*,,,,,,,,,,+,,,,,,* *,,


You could see an orc wizard (poisoned).

Vanquished Creatures
  2 water moccasins (D:5)
  A sky beast (D:6)
  An ogre (D:6)
  A centaur (D:5)
  A necrophage (D:6)
  A scorpion (D:6)
  3 hounds
  2 orc priests
  A jelly (D:2)
  An iguana (D:4)
  2 orc wizards (D:4)
  Robin (D:2)
  4 adders
  2 worms
  A dart slug (D:1)
  12 orcs
  5 ball pythons
  9 endoplasms
  7 giant cockroaches
  12 goblins
  6 hobgoblins
  7 jackals
  4 kobolds
  A quokka (D:2)
  4 bats
  7 rats
98 creatures vanquished.

Vanquished Creatures (others)
  11 fungi (D:6)
11 creatures vanquished.

Grand Total: 109 creatures vanquished

Notes
Turn   | Place    | Note
-------+----------+-------------------------------------------
     0 | D:1      | KennySheep the Demigod Conjurer began the quest for the
                  | Orb.
     0 | D:1      | Reached XP level 1. HP: 14/14 MP: 5/5
     3 | D:1      | Found a runed translucent door.
   369 | D:1      | Got the Tome of Filth and Sculpting
   559 | D:1      | Reached XP level 2. HP: 20/20 MP: 4/7
   897 | D:1      | Learned a level 2 spell: Searing Ray
   916 | D:1      | Reached skill level 1 in Translocations
  1056 | D:1      | Reached skill level 4 in Conjurations
  1234 | D:2      | Reached XP level 3. HP: 26/26 MP: 1/8
  1583 | D:2      | Reached XP level 4. HP: 29/33 MP: 5/10
  1663 | D:2      | Noticed Robin
  1675 | D:2      | Killed Robin
  2342 | D:2      | Noticed Terence
  3242 | D:4      | Reached XP level 5. HP: 37/38 MP: 3/11
  3427 | D:4      | Reached skill level 5 in Conjurations
  3993 | D:5      | Entered Level 5 of the Dungeon
  3999 | D:5      | Learned a level 4 spell: Iskenderun's Mystic Blast
  4009 | D:5      | Reached XP level 6. HP: 41/45 MP: 7/13
  4356 | D:5      | Noticed a water moccasin
  4356 | D:5      | Noticed a water moccasin
  4368 | D:5      | Killed a water moccasin
  4368 | D:5      | Killed a water moccasin
  4369 | D:5      | Reached XP level 7. HP: 18/50 MP: 5/15
  4381 | D:6      | Reached skill level 6 in Conjurations
  4388 | D:6      | Gained mutation: You expend magic power (3 MP) to
                  | strengthen your wands. [potion of mutation]
  4408 | D:6      | HP: 2/50 [orc/boomerang (1)]
  4409 | D:6      | Reached skill level 5 in Translocations
  4412 | D:6      | Slain by an orc wizard

Illustrated notes

Levels and vault maps discovered:
D:1:      dpeg_arrival_caged_fury, layout_basic
D:2:      layout_loops_ring, dreamdust_ecumenical_altar_angels_and_demons,
          uniq_terence, uniq_robin
D:3:      layout_basic, amcnicky_altar_gilded
D:4:      layout_basic
D:5:      layout_basic, mainiacjoe_overflow_small_starburst,
          mainiacjoe_overflow_alcove_1, nicolae_shop_vocational
D:6:      layout_basic, mainiacjoe_overflow_cross_hatched

Skill      XL: |  1  2  3  4  5  6  7 |
---------------+----------------------+-----
Translocations | 1 2 3 4 5 |  5.1
Spellcasting   | 2 3 |  3.7
Conjurations   | 4 5 6 |  6.4
Dodging        | |  1.7
Stealth        | |  1.7

Action                   |  1- 3 |  4- 6 |  7- 9 || total
-------------------------+-------+-------+-------++-------
Melee: Unarmed           |    11 |       |       ||    11
       Dagger            |     2 |    22 |    15 ||    39
 Cast: Magic Dart        |    53 |    91 |       ||   144
       Searing Ray       |     2 |    11 |     1 ||    14
       Iskenderun's Myst |       |     4 |     2 ||     6
  Use: Potion            |       |     7 |     6 ||    13
       Scroll            |       |     5 |     3 ||     8
Armor: Robe              |     9 |    12 |     4 ||    25
Dodge: Dodged            |    20 |    33 |    14 ||    67

Table legend: (Time is in decaauts)
 A = Elapsed time spent in this place.
 B = Non-inter-level travel time spent in this place.
 C = Inter-level travel time spent in this place.
 D = Time resting spent in this place.
 E = Time spent auto-exploring this place.
 F = Levels seen in this place.
 G = Mean time per level.
                   A        B        C        D        E       F      G
               +--------+--------+--------+--------+--------+-----+--------+
         Total |   4423 |   4313 |    110 |    416 |   3371 |   6 |  737.2 |
       Dungeon |   4423 |   4313 |    110 |    416 |   3371 |   6 |  737.2 |
               +--------+--------+--------+--------+--------+-----+--------+

Top non-repeatable levels by time:
     D:1: 1209 daAuts
     D:2: 1188 daAuts
     D:3: 830 daAuts
     D:4: 778 daAuts
     D:5: 376 daAuts
     D:6: 40 daAuts
